 Dungeon Crawl Stone Soup version 0.27-a0-1191-g601b473118 (webtiles) character file.

Game seed: 4129858219980869256

191 siradein the Slasher (level 5, -7/47 HPs)
             Began as a Minotaur Gladiator on May 24, 2021.
             Mangled by a water moccasin (8 damage)
             ... on level 4 of the Dungeon.
             The game lasted 00:07:30 (4011 turns).

siradein the Slasher (Minotaur Gladiator)           Turns: 4011, Time: 00:07:30

Health: -7/47      AC:  5    Str: 20    XL:     5   Next: 42%
Magic:  4/4        EV: 11    Int:  5    God:
Gold:   75         SH:  0    Dex: 11    Spells: 4/4 levels left

rFire    . . .     SeeInvis .   b - +1 falchion (holy)
rCold    . . .     Faith    .   (no shield)
rNeg     + . .     Spirit   .   i - +0 ring mail
rPois    .         Reflect  .   (helmet restricted)
rElec    .         Harm     .   k - scarf {repulsion}
rCorr    +         Rampage  .   (no gloves)
Will     .....                  (no boots)
Stlth    +.........             (no amulet)
HPRegen  0.15/turn              l - ring of resist corrosion
MPRegen  0.09/turn              t - ring of positive energy

@: lethally poisoned (-7 -> -20), repel missiles
A: horns 2, retaliatory headbutt
a: no special abilities


You were on level 4 of the Dungeon.
You visited 1 branch of the dungeon, and saw 4 of its levels.

You collected 75 gold pieces.

Inventory:

Hand Weapons
 a - a +0 long sword
 b - a +1 falchion of holy wrath (weapon)
Missiles
 d - 3 throwing nets (quivered)
 r - 10 poisoned darts
Armour
 i - a +0 ring mail (worn)
 k - a scarf of repulsion (worn)
 s - a +0 kite shield
Jewellery
 l - a ring of resist corrosion (left hand)
 t - a ring of positive energy (right hand)
Wands
 j - a wand of flame (22)
Scrolls
 e - a scroll of fear {unknown}
 f - a scroll of identify {unknown}
 g - a scroll of enchant armour {unknown}
 o - a scroll of torment {unknown}
 p - 2 scrolls of teleportation {unknown}
Potions
 c - a potion of heal wounds {unknown}
 h - a potion of brilliance {unknown}
 m - 2 potions of degeneration {unknown}
 n - a potion of curing {unknown}
 q - a potion of might {unknown}


   Skills:
 + Level 4.3 Fighting
 * Level 6.5 Long Blades
 - Level 2.0 Throwing
 - Level 3.2 Dodging


You had 4 spell levels left.
You didn't know any spells.
Your spell library was empty.

Dungeon Overview and Level Annotations

Branches:
Dungeon (4/15)
 Temple: D:4-7

Altars:
Yredelemnul

Annotations:
D:3 Edmund


Innate Abilities, Weirdness & Mutations

You have a pair of horns on your head.
You reflexively headbutt those who attack you in melee.


Message History

You barely miss the water moccasin. The water moccasin bites you!
You hit the water moccasin.
The water moccasin is moderately wounded.
The water moccasin barely misses you. You furiously retaliate!
You headbutt the water moccasin. The water moccasin closely misses you.
You hit the water moccasin. You headbutt the water moccasin.
The water moccasin is severely wounded.
The water moccasin bites you but does no damage.
You barely miss the water moccasin.
You headbutt the water moccasin, but do no damage.
The water moccasin is severely wounded.
The water moccasin bites you but does no damage.
You closely miss the water moccasin.
Your headbutt misses the water moccasin.
The water moccasin is severely wounded.
The water moccasin bites you.
You are poisoned.
The water moccasin poisons you! The water moccasin bites you.
You are lethally poisoned!
The water moccasin poisons you!
Your ring mail prevents you from hitting the water moccasin.
The water moccasin is severely wounded.
* * * LOW HITPOINT WARNING * * *
You feel very sick. The water moccasin bites you.
* * * LOW HITPOINT WARNING * * *
You hit the water moccasin but do no damage.
Your headbutt misses the water moccasin.
The water moccasin is severely wounded.
* * * LOW HITPOINT WARNING * * *
You feel very sick. The water moccasin bites you.
* * * LOW HITPOINT WARNING * * *
The water moccasin bites you but does no damage.
You hit the water moccasin.
The water moccasin is almost dead.
* * * LOW HITPOINT WARNING * * *
You feel very sick. The water moccasin bites you!
You die...

#.#.)........ ###
#.#<.##....## #..
#.#..##.##.# #.#
#.#..##.##.# ..#
#.#........# #.#
#.##.#..#..# #.#
#.......#..# #S#
#.##.#.....# #@#
# #.#..##.#
#.#######.#.###.#
#.........#.# #.#
#.......(...###.#
#########.......#
#########


You could see a water moccasin.

Vanquished Creatures
  Jessica (D:2)
  An iguana (D:2)
  A hound skeleton (D:4)
  7 adders
  3 dart slugs
  5 endoplasms
  A giant cockroach (D:1)
  5 goblins
  4 hobgoblins
  11 jackals
  2 quokkas (D:3)
  5 ball pythons
  5 bats
  3 frilled lizards
  4 kobolds
  2 rats
60 creatures vanquished.

Notes
Turn   | Place    | Note
-------+----------+-------------------------------------------
     0 | D:1      | siradein the Minotaur Gladiator began the quest for the
                  | Orb.
     0 | D:1      | Reached XP level 1. HP: 18/18 MP: 0/0
   250 | D:1      | Found a faded altar of an unknown god.
   269 | D:1      | Reached skill level 4 in Long Blades
   278 | D:1      | Reached XP level 2. HP: 25/25 MP: 1/1
   839 | D:2      | Found a basalt altar of Yredelemnul.
   859 | D:2      | Noticed Jessica
   865 | D:2      | Killed Jessica
   866 | D:2      | Reached skill level 5 in Long Blades
   866 | D:2      | Reached XP level 3. HP: 17/31 MP: 2/2
  1504 | D:2      | Reached XP level 4. HP: 35/40 MP: 3/3
  2249 | D:3      | Reached skill level 6 in Long Blades
  2365 | D:3      | Reached XP level 5. HP: 46/46 MP: 4/4
  3533 | D:4      | Noticed Edmund
  3997 | D:4      | Noticed a water moccasin
  4011 | D:4      | HP: 1/47 [poisoned by a water moccasin]
  4011 | D:4      | Mangled by a water moccasin

Illustrated notes

Levels and vault maps discovered:
D:1:      psy_arrival_spokes, layout_basic, shapermc_ecumenical_altar_notcrosses
D:2:      layout_loops_cross, basic_altar, uniq_jessica
D:3:      layout_basic, minmay_misc_feat_x, serial_bayou_pond_c
D:4:      layout_basic, minmay_distorted, uniq_edmund

Skill      XL: |  1  2  3  4 |
---------------+-------------+-----
Long Blades    | 4 5 6 |  6.5
Fighting       | 3 4 |  4.3
Throwing       | |  2.0
Dodging        | |  3.2

Action                   |  1- 3 |  4- 6 || total
-------------------------+-------+-------++-------
Melee: Long sword        |    52 |    12 ||    64
       Headbutt          |     9 |    15 ||    24
       Falchion          |       |    92 ||    92
Armor: Leather armour    |    10 |       ||    10
       Ring mail         |     1 |    24 ||    25
Dodge: Dodged            |    35 |    54 ||    89
       Rpst.: Long sword |     6 |     1 ||     7
       Falchion          |       |    12 ||    12

Table legend: (Time is in decaauts)
 A = Elapsed time spent in this place.
 B = Non-inter-level travel time spent in this place.
 C = Inter-level travel time spent in this place.
 D = Time resting spent in this place.
 E = Time spent auto-exploring this place.
 F = Levels seen in this place.
 G = Mean time per level.
                   A        B        C        D        E       F      G
               +--------+--------+--------+--------+--------+-----+--------+
         Total |   4035 |   3954 |     81 |    606 |   2833 |   4 | 1008.8 |
       Dungeon |   4035 |   3954 |     81 |    606 |   2833 |   4 | 1008.8 |
               +--------+--------+--------+--------+--------+-----+--------+

Top non-repeatable levels by time:
     D:2: 1133 daAuts
     D:4: 1117 daAuts
     D:3: 991 daAuts
     D:1: 793 daAuts
